Map: [ESL] Oceanborn

Players

LiquidClem (Clem) - Winner!

  • Race: Terran Terran
  • League: Grandmaster
  • Spawn Location: 11:00

Harstem

  • Race: Protoss Protoss
  • League: Grandmaster
  • Spawn Location: 5:00

Event: HomeStory Cup XXIV

VOD

Have the link to the VOD?

Description

Time

  • Played on: Dec. 3, 2023, 12:11 p.m.
  • Length: 16:10

All games in this series

Show
View Real Time Build Order
Export as new Build Order

LiquidClem Terran - Winner!

Build Orders: Reaper Expand 

Get SALT Encoding   

  12  0:00  SCV  
  13  0:12  SCV  
  14  0:17  Supply Depot  
  14  0:24  SCV  
  15  0:38  SCV  
  15  0:40  Barracks  
  16  0:43  Refinery  
  16  0:50  SCV  
  17  1:02  SCV  
  18  1:15  SCV  
  19  1:27  Orbital Command, Reaper  
  20  1:38  Command Center  
  20  1:46  Supply Depot  
  20  1:52  SCV  
  21  1:58  Marine  
  22  2:04  SCV  
  23  2:12  Factory  
  23  2:14  Refinery  
  23  2:16  SCV  
  23  2:19  Barracks Reactor  
  24  2:28  SCV  
  25  2:40  SCV  
  26  2:52  Orbital Command, SCV  
  26  2:55  Hellion  
  26  2:57  Marine x2, Starport  
  31  3:05  SCV  
  32  3:08  Supply Depot  
  32  3:15  Marine x2  
  32  3:17  Cyclone, SCV  
  38  3:20  SCV  
  38  3:29  SCV  
  38  3:32  SCV  
  38  3:33  Marine x2  
  41  3:37  Barracks  
  41  3:39  Viking  
  43  3:41  SCV  
  43  3:44  SCV  
  43  3:46  Supply Depot  
  45  3:51  Marine x2  
  45  3:53  SCV  
  45  3:54  Factory Tech Lab  
  48  3:59  Barracks  
  48  4:01  SCV  
  49  4:05  SCV  
  49  4:09  Marine x2  
  52  4:12  Supply Depot  
  52  4:13  SCV  
  52  4:14  Starport Tech Lab  
  53  4:18  Engineering Bay  
  53  4:20  Factory Reactor, SCV  
  54  4:25  SCV  
  54  4:27  Marine x2  
  57  4:32  Stimpack, SCV, Refinery  
  57  4:35  Marine  
  57  4:37  SCV  
  60  4:39  Supply Depot  
  60  4:43  Terran Infantry Weapons Level 1  
  60  4:44  Starport Reactor, SCV  
  61  4:46  Marine  
  61  4:47  Marine  
  61  4:49  SCV  
  64  4:53  Supply Depot  
  64  4:54  Combat Shield  
  64  4:58  SCV  
  65  5:00  Refinery  
  65  5:01  SCV  
  65  5:04  Marauder  
  65  5:05  Marauder  
  65  5:06  Marine  
  71  5:07  Marine  
  71  5:10  Widow Mine  
  71  5:12  Widow Mine  
  76  5:16  Armory  
  76  5:19  Supply Depot  
  76  5:22  Medivac  
  76  5:25  SCV x2  
  76  5:26  Marine  
  76  5:27  Marine  
  82  5:30  Medivac  
  84  5:36  Missile Turret  
  84  5:37  Missile Turret  
  84  5:40  Missile Turret  
  84  5:44  Marauder  
  84  5:45  Marine  
  84  5:46  Marine  
  84  5:49  Marauder  
  90  5:52  Supply Depot  
  90  5:55  SCV  
  91  5:57  SCV  
  91  6:03  Marine  
  93  6:05  Marine  
  94  6:14  Marauder, Medivac x2  
  94  6:15  Widow Mine  
  94  6:16  Supply Depot  
  94  6:17  Concussive Shells  
  102  6:21  Supply Depot  
  102  6:37  Command Center, Marine x2  
  102  6:38  Marauder, Widow Mine  
  108  6:44  Marauder, Widow Mine  
  108  6:51  SCV  
  104  6:55  SCV, Marine x2  
  104  6:57  Medivac x2  
  104  6:59  Marauder  
  109  7:03  SCV, Widow Mine  
  109  7:08  Terran Infantry Armor Level 1, SCV  
  113  7:09  Marauder  
  113  7:11  Widow Mine  
  113  7:13  Marine  
  118  7:19  Barracks  
  118  7:20  Barracks  
  118  7:24  Supply Depot  
  118  7:27  Supply Depot  
  118  7:34  Viking, Marine  
  118  7:35  Widow Mine, Marauder  
  125  7:41  SCV  
  126  7:45  Marine  
  126  7:46  Viking, Widow Mine, Marauder, SCV  
  130  7:54  SCV  
  130  7:56  Marauder  
  130  7:58  SCV, Marine  
  131  8:00  Widow Mine  
  131  8:03  Marine  
  131  8:04  Viking  
  136  8:06  SCV  
  136  8:10  SCV  
  136  8:12  Barracks Reactor, Barracks Tech Lab  
  136  8:13  Widow Mine  
  136  8:16  Viking, Marine  
  136  8:18  SCV  
  136  8:19  Orbital Command, Ghost Academy  
  142  8:22  SCV  
  141  8:30  SCV  
  141  8:33  Widow Mine, Supply Depot  
  144  8:34  SCV  
  144  8:38  Marauder x3  
  151  8:42  Viking, SCV  
  151  8:44  SCV  
  151  8:46  SCV  
  151  8:48  Refinery  
  156  8:49  Supply Depot  
  156  8:58  Ghost x2  
  156  8:59  Supply Depot  
  156  9:00  Viking  
  162  9:12  Viking, Command Center  
  162  9:15  Ghost, Refinery  
  157  9:25  Widow Mine x2  
  152  9:31  Marine x4  
  152  9:32  Viking  
  152  9:35  SCV  
  152  9:36  Bunker, Ghost, SCV x2  
  152  9:37  Supply Depot  
  162  9:42  Viking, Ghost  
  162  9:45  Ghost  
  158  9:49  Terran Infantry Weapons Level 2  
  158  9:51  Marine x2  
  158  9:52  Marine  
  160  9:54  Marine  
  160  9:58  Widow Mine x2  
  165  10:04  Ghost  
  166  10:09  Marine  
  166  10:13  Viking x2, Marine  
  166  10:14  Marine x2  
  172  10:19  Marauder  
  158  10:21  Marine  
  158  10:25  Orbital Command  
  158  10:27  Marine  
  113  10:28  Widow Mine  
  113  10:31  SCV, Marine  
  113  10:34  Marauder  
  96  10:35  Marine x2  
  96  10:38  SCV  
  96  10:40  Marauder x2  
  102  10:47  Orbital Command  
  102  10:48  SCV  
  102  10:51  Widow Mine, SCV  
  102  10:52  SCV  
  106  10:59  Widow Mine, Marine x2  
  106  11:00  SCV  
  106  11:01  Marine  
  106  11:02  Marine  
  113  11:06  SCV  
  113  11:07  SCV  
  115  11:11  Ghost  
  115  11:12  SCV  
  115  11:13  Ghost  
  115  11:16  SCV  
  121  11:18  SCV  
  121  11:19  SCV  
  121  11:20  Ghost  
  121  11:24  SCV  
  126  11:26  Marine x3  
  126  11:27  Marine  
  126  11:31  Viking  
  133  11:34  Viking  
  133  11:37  SCV, Supply Depot  
  135  11:40  SCV x2  
  135  11:45  Orbital Command, Marine x3  
  140  11:49  SCV  
  140  11:51  Missile Turret  
  140  11:53  SCV  
  142  11:55  Sensor Tower, SCV  
  142  11:56  Bunker  
  142  12:01  Ghost, SCV  
  142  12:06  Sensor Tower  
  142  12:07  SCV  
  144  12:10  Terran Infantry Armor Level 2  
  144  12:13  SCV  
  144  12:14  SCV  
  147  12:15  SCV  
  147  12:20  Engineering Bay  
  147  12:25  Marine  
  147  12:31  Ghost x3  
  147  12:33  Widow Mine  
  147  12:35  SCV  
  152  12:37  SCV  
  152  12:40  SCV  
  152  12:42  SCV  
  152  12:47  SCV  
  151  12:55  Marine, SCV x2  
  155  12:58  Widow Mine  
  155  12:59  Ghost x3, Widow Mine  
  155  13:00  Missile Turret  
  155  13:03  SCV, Refinery  
  155  13:04  SCV  
  155  13:05  Refinery  
  165  13:07  Marine x2  
  165  13:08  Marine  
  170  13:13  Marine  
  170  13:14  Medivac x2  
  170  13:17  SCV  
  174  13:22  Missile Turret  
  174  13:29  Marauder x2  
  174  13:33  Command Center  
  178  13:35  Marauder  
  174  13:44  Widow Mine, Medivac x2  
  174  13:45  Marine x3, Widow Mine  
  175  13:54  Ghost  
  175  13:57  Marine  
  175  13:58  Ghost  
  175  14:00  Marine  
  177  14:06  Widow Mine  
  177  14:08  Widow Mine, Marine  
  178  14:13  Marine x2  
  178  14:14  Marine, Medivac  
  183  14:19  Marauder  
  183  14:21  Medivac  
  183  14:23  Ghost  
  183  14:26  Marine  
  183  14:27  Widow Mine  
  183  14:30  Widow Mine  
  188  14:36  Sensor Tower, Marauder  
  188  14:37  Marine  
  188  14:38  Marine x2  
  181  14:46  Marauder  
  181  14:48  Marine  
  181  14:49  Widow Mine  
  181  14:50  Medivac  
  181  14:51  Widow Mine  
  181  14:52  Marine  
  184  14:55  Marine x2  
  184  14:57  Marauder  
  182  15:05  Command Center  
  182  15:07  Marine  
  182  15:08  Barracks  
  182  15:09  Marine  
  182  15:12  Barracks  
  182  15:13  Barracks, Widow Mine  
  181  15:14  Marine, Medivac  
  181  15:18  Widow Mine  
  181  15:19  Marine  
  181  15:20  Marine, Medivac  
  186  15:23  Marauder  
  186  15:26  Marauder  
  186  15:27  Marine  
  189  15:28  Marine  
  189  15:32  Marine  
  179  15:38  Widow Mine  
  179  15:39  Marine  
  179  15:40  Marauder  
  172  15:44  Marine  
  172  15:45  Marine  
  172  15:46  Marine  
  172  15:47  Marine  
  175  15:50  Marine  
Show
View Real Time Build Order
Export as new Build Order

Harstem Protoss 

Build Orders: 1 Gate Expand, Phoenix Opening, Colossus Rush 

Get SALT Encoding   

  12  0:00  Probe  
  13  0:12  Probe  
  14  0:16  Pylon  
  14  0:24  Probe  
  15  0:34  Gateway  
  15  0:36  Probe (Chrono Boost)  
  16  0:45  Probe (Chrono Boost)  
  16  0:46  Assimilator  
  17  0:51  Probe (Chrono Boost)  
  18  1:03  Probe  
  19  1:18  Nexus  
  19  1:27  Cybernetics Core  
  19  1:31  Probe  
  20  1:37  Assimilator  
  20  1:43  Probe  
  20  1:46  Pylon  
  21  1:55  Probe  
  22  2:01  Adept (Chrono Boost)  
  22  2:08  Probe (Chrono Boost)  
  25  2:20  Stargate, Probe (Chrono Boost)  
  26  2:25  Adept  
  26  2:27  Probe (Chrono Boost)  
  30  2:30  Probe (Chrono Boost)  
  31  2:39  Probe x2 (Chrono Boost)  
  32  2:44  Probe (Chrono Boost)  
  32  2:45  Warp Gate  
  32  2:46  Probe  
  34  2:56  Probe  
  36  2:58  Probe  
  36  3:02  Shield Battery  
  36  3:04  Phoenix  
  40  3:08  Probe (Chrono Boost)  
  40  3:09  Pylon  
  41  3:17  Probe (Chrono Boost)  
  43  3:20  Probe (Chrono Boost)  
  43  3:26  Probe (Chrono Boost)  
  44  3:27  Probe (Chrono Boost)  
  44  3:29  Phoenix  
  44  3:32  Assimilator  
  45  3:34  Assimilator, Probe  
  45  3:37  Robotics Facility, Probe  
  47  3:46  Pylon  
  47  3:47  Probe  
  48  3:49  Probe  
  48  3:54  Phoenix  
  51  3:59  Probe  
  52  4:06  Nexus, Probe  
  53  4:11  Probe  
  53  4:13  Pylon  
  54  4:18  Probe  
  54  4:19  Phoenix  
  57  4:25  Observer (Chrono Boost)  
  57  4:26  Probe  
  57  4:31  Robotics Bay  
  59  4:32  Gateway, Probe  
  59  4:38  Probe  
  61  4:41  Pylon  
  61  4:44  Probe  
  62  4:50  Probe  
  62  4:51  Shield Battery, Immortal (Chrono Boost)  
  67  4:56  Probe  
  68  5:02  Pylon, Probe  
  68  5:03  Phoenix (Chrono Boost)  
  71  5:07  Sentry  
  71  5:12  Probe  
  74  5:14  Probe  
  74  5:20  Forge  
  76  5:24  Probe  
  76  5:25  Phoenix (Chrono Boost)  
  76  5:27  Colossus (Chrono Boost)  
  78  5:29  Probe  
  78  5:31  Probe  
  86  5:36  Probe  
  86  5:41  Probe, Pylon  
  49  5:42  Extended Thermal Lance  
  88  5:43  Probe  
  88  5:47  Observer  
  88  5:48  Probe  
  90  5:53  Assimilator, Phoenix  
  90  5:55  Probe  
  93  5:57  Assimilator  
  93  6:00  Probe  
  93  6:01  Gateway  
  94  6:04  Gateway, Photon Cannon  
  94  6:10  Probe  
  95  6:13  Probe  
  95  6:14  Colossus (Chrono Boost)  
  95  6:16  Protoss Ground Weapons Level 1 (Chrono Boost), Shield Battery  
  102  6:23  Probe  
  103  6:27  Phoenix  
  103  6:32  Shield Battery  
  105  6:36  Zealot, Stalker  
  105  6:38  Pylon  
  109  6:47  Probe  
  109  6:48  Observer  
  106  6:57  Probe  
  106  6:58  Colossus (Chrono Boost)  
  106  6:59  Probe  
  114  7:03  Gateway, Twilight Council  
  114  7:07  Gateway, Pylon  
  114  7:09  Pylon  
  114  7:13  Sentry  
  116  7:17  Gateway  
  116  7:20  Gateway  
  116  7:22  Gateway  
  114  7:31  Pylon  
  114  7:33  Zealot x3  
  114  7:36  Warp Prism (Chrono Boost)  
  122  7:38  Observer  
  122  7:49  Observer  
  122  7:50  Probe  
  121  7:52  Probe  
  121  7:54  Probe  
  123  7:59  Observer (Chrono Boost)  
  123  8:01  Zealot x6, Photon Cannon  
  123  8:03  Probe  
  123  8:04  Pylon  
  137  8:09  Pylon  
  137  8:16  Pylon  
  137  8:19  Pylon  
  137  8:20  Observer, Zealot x2, Templar Archives, Pylon  
  137  8:21  Protoss Ground Weapons Level 2 (Chrono Boost)  
  137  8:24  Observer (Chrono Boost)  
  137  8:25  Charge (Chrono Boost)  
  141  8:29  Probe  
  141  8:34  Nexus  
  142  8:35  Pylon  
  142  8:37  Probe x2  
  142  8:39  Pylon, Forge  
  144  8:44  Observer  
  144  8:47  Immortal (Chrono Boost)  
  144  8:50  Probe  
  144  8:51  Probe  
  144  8:53  Probe  
  151  8:56  High Templar x4  
  151  8:57  High Templar x2  
  151  8:58  High Templar x2, Zealot  
  151  9:00  Pylon  
  169  9:03  Assimilator, Archon x2, Probe  
  169  9:04  Archon  
  169  9:07  Archon  
  170  9:19  Assimilator  
  170  9:26  Observer  
  164  9:32  Zealot x4  
  164  9:33  Zealot x5  
  164  9:35  Pylon  
  164  9:37  Protoss Ground Armor Level 1 (Chrono Boost), Pylon  
  182  9:40  Immortal  
  186  9:50  Phoenix  
  186  9:56  High Templar  
  186  9:57  High Templar x3, Zealot x3  
  198  10:01  Archon  
  198  10:02  Probe  
  198  10:05  Photon Cannon  
  191  10:09  Archon  
  185  10:22  Zealot x3  
  185  10:23  Zealot x2  
  164  10:29  Probe  
  164  10:34  Zealot x4  
  164  10:35  Immortal (Chrono Boost)  
  141  10:36  Probe x2  
  141  10:39  Protoss Ground Weapons Level 3 (Chrono Boost)  
  141  10:40  Probe  
  140  10:43  Probe  
  140  10:45  Blink  
  140  10:47  Robotics Facility  
  140  10:48  Observer  
  141  10:52  Probe  
  141  10:53  Probe  
  141  10:55  Dark Shrine  
  141  10:57  Sentry, Photon Cannon  
  143  10:59  Stalker x3  
  143  11:00  Shield Battery, Stalker x2  
  153  11:10  Immortal (Chrono Boost)  
  157  11:19  Probe  
  157  11:23  Observer  
  157  11:24  Gravitic Drive (Chrono Boost), High Templar x4  
  166  11:29  Archon x2  
  166  11:30  Zealot x5  
  174  11:38  Nexus  
  175  11:40  Observer (Chrono Boost), Protoss Ground Armor Level 2 (Chrono Boost)  
  175  11:41  Pylon  
  175  11:48  Immortal (Chrono Boost), Probe  
  175  11:49  Probe  
  175  11:51  Pylon  
  180  11:56  Pylon, Stalker x3  
  180  11:59  Photon Cannon  
  186  12:03  Immortal (Chrono Boost)  
  190  12:12  Photon Cannon  
  190  12:16  Dark Templar  
  190  12:17  Dark Templar  
  194  12:27  Stalker x5  
  186  12:40  Disruptor (Chrono Boost)  
  186  12:41  Disruptor (Chrono Boost)  
  175  12:44  Zealot x2  
  175  12:45  Probe  
  178  12:55  Stalker x3  
  179  13:01  Dark Templar x2  
  179  13:02  Zealot x2  
  187  13:10  Observer (Chrono Boost), Disruptor (Chrono Boost)  
  187  13:12  Stalker x2  
  194  13:19  Disruptor (Chrono Boost)  
  194  13:25  Probe  
  194  13:26  Assimilator  
  199  13:32  Assimilator  
  197  13:35  Warp Prism  
  197  13:39  Nexus  
  189  13:45  Zealot x7  
  195  13:52  Zealot x2  
  195  13:53  Protoss Shields Level 1  
  195  13:54  Observer  
  198  14:10  Zealot  
  194  14:24  Zealot x2  
  194  14:25  Zealot  
  197  14:31  Stalker  
  197  14:36  Observer  
  198  14:38  Robotics Facility  
  198  14:44  Zealot x7  
  198  14:45  Zealot  
  184  14:57  Stalker  
  184  14:58  Probe x2  
  182  15:01  Disruptor x2 (Chrono Boost)  
  182  15:02  Gateway  
  182  15:05  Zealot x5, Stalker x2  
  199  15:09  Gateway, Probe  
  199  15:11  Pylon  
  194  15:16  Stalker  
  178  15:25  Zealot x2, Stalker  
  172  15:28  Disruptor  
  172  15:30  Zealot x5  
  143  15:48  Zealot x2, Stalker x2  
  135  15:51  Zealot x3  
  135  15:52  Zealot x2  
  135  15:58  Stalker  
Tags
 
Add a new tag
Caveats
  • Supply blocks, unpowered buildings, or Contaminate may cause inaccurate times.
  • Supply counts are checked every 10 seconds.